 Dungeon Crawl Stone Soup version 0.28-a0-2-g643f2454ad (webtiles) character file.

Game seed: 16314804010113729662

47 Sin92 the Skirmisher (level 3, -6/29 HPs)
             Began as a Demonspawn Fighter on July 22, 2021.
             Was an Initiate of Gozag.
             Mangled by a gnoll (7 damage)
             ... on level 2 of the Dungeon.
             The game lasted 00:01:05 (1172 turns).

Sin92 the Skirmisher (Demonspawn Fighter)           Turns: 1172, Time: 00:01:05

Health: -6/29      AC:  6    Str: 16    XL:     3   Next: 48%
Magic:  3/3        EV:  7    Int:  9    God:    Gozag
Gold:   34         SH: 13    Dex: 13    Spells: 2/2 levels left

rFire   . . .      SeeInvis .   a - +0 long sword
rCold   . . .      Faith    .   c - +0 kite shield
rNeg    . . .      Spirit   .   b - +0 scale mail
rPois   .          Reflect  .   (no helmet)
rElec   .          Harm     .   (no cloak)
rCorr   .          Rampage  .   (no gloves)
Will    .....                   (no boots)
Stlth   ..........              (no amulet)
HPRegen 0.09/turn               (no ring)
MPRegen 0.08/turn               (no ring)

@: mighty, gold aura
A: condensation shield
a: Renounce Religion, Potion Petition, Call Merchant, Bribe Branch


You were on level 2 of the Dungeon.
You worshipped Gozag.
Gozag was noncommittal.
You visited 1 branch of the dungeon, and saw 2 of its levels.

You collected 60 gold pieces.
You paid 26 gold pieces to Gozag.

Inventory:

Hand Weapons
 a - a +0 long sword (weapon)
Armour
 b - a +0 scale mail (worn)
 c - a +0 kite shield (worn)
Scrolls
 e - 2 scrolls of identify {unknown}
Potions
 f - a potion of heal wounds {unknown}
 g - a potion of berserk rage {unknown}


   Skills:
 + Level 3.3 Fighting
 * Level 2.4 Long Blades
 + Level 3.0 Armour
 + Level 1.0 Dodging
 + Level 2.9 Shields


You had 2 spell levels left.
You didn't know any spells.
Your spell library contained the following spells:

 Spells                   Type           Power      Damage    Failure   Level
 Magic Dart               Conj           0%         1d3       100%        1
 Call Imp                 Summ           0%         N/A       100%        2
 Mephitic Cloud           Conj/Pois/Air  0%         N/A       100%        3


Dungeon Overview and Level Annotations

Branches:
Dungeon (2/15)

Altars:
Gozag


Innate Abilities, Weirdness & Mutations

A meltable shield of frost defends you. (SH +4)


Message History

You are too injured to fight recklessly!
There are monsters nearby!
Unknown command.
You are too injured to fight recklessly!
There are monsters nearby!
You feel very mighty all of a sudden.
The gnoll shouts!
You block the gnoll's attack.
An endoplasm comes into view.
You block the gnoll's attack.
You slash the gnoll!
The gnoll is severely wounded.
You block the gnoll's attack.
A rat comes into view.
The gnoll closely misses you. You block the gnoll's attack.
You slash the gnoll!
You kill the gnoll!
You block the endoplasm's attack. You block the gnoll's attack.
The endoplasm hits you but does no damage.
Your Armour skill increases to level 3!
Your Dodging skill increases to level 1!
You block the gnoll's attack. The gnoll hits you with a +0 halberd.
The endoplasm hits you.
* * * LOW HITPOINT WARNING * * *
Things that are here:
6 gold pieces; a +0 club You closely miss the gnoll.
You block the gnoll's attack. The gnoll hits you with a +0 halberd.
* * * LOW HITPOINT WARNING * * *
The endoplasm freezes you.
You are frozen.
* * * LOW HITPOINT WARNING * * *
The gnoll hits you but does no damage. You block the gnoll's attack.
You barely miss the gnoll. The endoplasm freezes you.
You are frozen.
* * * LOW HITPOINT WARNING * * *
The gnoll hits you with a +0 club!
You die...
Your body crumbles into a pile of gold.

###...##.###...[
##...........#
###.....#####.#
#...#..$#
..##....#### #
####.#.....###...
....?............
.##.###?#.$#...#.
... ...#@J# ..#
#....(..#gg#
##.......rJ..
..............
#..#...#......#
#..#._.#......#
....#......# ....
........


You could see 2 gnolls, 2 endoplasms and a rat.

Vanquished Creatures
  A gnoll (D:2)
  An adder (D:2)
  A dart slug (D:1)
  2 bats
  4 endoplasms
  4 goblins
  2 hobgoblins
  3 jackals (D:1)
  A kobold (D:1)
  2 quokkas
  A ball python (D:2)
  2 frilled lizards (D:1)
24 creatures vanquished.

Notes
Turn   | Place    | Note
-------+----------+-------------------------------------------
     0 | D:1      | Sin92 the Demonspawn Fighter began the quest for the Orb.
     0 | D:1      | Reached XP level 1. HP: 18/18 MP: 1/1
   238 | D:1      | Gained mutation: A meltable shield of frost defends you.
                  | (SH +4) [demonic ancestry]
   238 | D:1      | Reached XP level 2. HP: 20/24 MP: 2/2
   830 | D:2      | Found an opulent altar of Gozag.
   841 | D:2      | Reached XP level 3. HP: 17/29 MP: 3/3
   936 | D:2      | Became a worshipper of Gozag Ym Sagoz the Greedy
  1158 | D:2      | Found a faded altar of an unknown god.
  1170 | D:2      | Reached skill level 1 in Dodging
  1172 | D:2      | HP: 1/29 [frozen (1)]
  1172 | D:2      | Mangled by a gnoll

Illustrated notes

Levels and vault maps discovered:
D:1:      minmay_arrival_checkered_box, layout_basic
D:2:      layout_rooms, hellmonk_ecumenical_altar_lost_god, basic_altar

Skill      XL: |  1  2  3 |
---------------+----------+-----
Long Blades    | 2 |  2.4
Armour         | 3 |  3.0
Dodging        | 1 |  1.0
Fighting       | |  3.3
Shields        | |  2.9

Action                   || total
-------------------------++-------
Melee: Long sword        ||    72
  Use: Potion            ||     1
Armor: Scale mail        ||    26
Dodge: Dodged            ||    20
Block: Kite shield       ||    48
       Rpst.: Long sword ||     6

Table legend: (Time is in decaauts)
 A = Elapsed time spent in this place.
 B = Non-inter-level travel time spent in this place.
 C = Inter-level travel time spent in this place.
 D = Time resting spent in this place.
 E = Time spent auto-exploring this place.
 F = Levels seen in this place.
 G = Mean time per level.
                   A        B        C        D        E       F      G
               +--------+--------+--------+--------+--------+-----+--------+
         Total |   1209 |   1200 |      9 |     63 |    948 |   2 |  604.5 |
       Dungeon |   1209 |   1200 |      9 |     63 |    948 |   2 |  604.5 |
               +--------+--------+--------+--------+--------+-----+--------+

Top non-repeatable levels by time:
     D:1: 850 daAuts
     D:2: 359 daAuts
